 Dungeon Crawl Stone Soup version 0.31.0-9-g3a7656b989 (webtiles) character file.

Game seed: 7361556040528886777

155 qw the Skirmisher (level 5, 0/29 HPs)
             Began as a Deep Elf Hunter on Feb 2, 2024.
             Slain by a scorpion (1 damage)
             ... on level 5 of the Dungeon.
             The game lasted 00:00:08 (2011 turns).

qw the Skirmisher (Deep Elf Hunter)                 Turns: 2011, Time: 00:00:09

Health: 0/29       AC:  8    Str: 10    XL:     5   Next: 14%
Magic:  7/7        EV: 11    Int: 14    God:
Gold:   120        SH:  5    Dex: 18    Spells: 4/4 levels left

rFire   . . .        a - +1 shortbow
rCold   . . .        (shield currently unavailable)
rNeg    . . .        e - +0 ring mail
rPois   .            h - +2 helmet
rElec   .            (no cloak)
rCorr   .            (no gloves)
SInv    .            (no boots)
Will    .....        d - amulet of reflection
Stlth   +            (no ring)
HPRegen 0.24/turn    (no ring)
MPRegen 0.10/turn

%: reflection
@: lethally poisoned (0 -> -13)
A: no striking features
a: no special abilities


You were on level 5 of the Dungeon.
You visited 1 branch of the dungeon, and saw 5 of its levels.

You collected 120 gold pieces.


   Skills:
 - Level 1.5 Fighting
 + Level 8.6 Ranged Weapons
 - Level 2.4 Dodging
 - Level 1.2 Stealth


You had 4 spell levels left.
You didn't know any spells.
Your spell library was empty.

Inventory:

Hand Weapons
 a - a +1 shortbow (weapon)
Armour
 e - a +0 ring mail (worn)
 h - a +2 helmet (worn)
Jewellery
 d - an amulet of reflection (around neck)
Potions
 i - a potion of enlightenment
 k - 2 potions of curing
 m - a potion of resistance

Dungeon Overview and Level Annotations

Branches:
Dungeon (6/15)
 Temple: D:4-7

Altars:

Shops:
D:1 [!**=


Message History

You kill the bombardier beetle!
You have reached level 5!
A scorpion comes into view.
You shoot an arrow.
The arrow hits the scorpion but does no damage.
You shoot an arrow. The arrow hits the scorpion.
The scorpion is lightly wounded.
You shoot an arrow.
The arrow hits the scorpion but does no damage.
The scorpion is lightly wounded.
You shoot an arrow. The arrow closely misses the scorpion.
You shoot an arrow.
The arrow hits the scorpion but does no damage.
The scorpion is lightly wounded.
The scorpion stings you.
You are poisoned.
The scorpion poisons you! The scorpion barely misses you.
You shoot an arrow. The arrow hits the scorpion.
The scorpion is lightly wounded.
You feel very sick. The scorpion stings you.
You are lethally poisoned!
The scorpion poisons you!
You shoot an arrow. The arrow barely misses the scorpion.
You feel very sick. The scorpion barely misses you.
You shoot an arrow. The arrow hits the scorpion.
The scorpion is lightly wounded.
You feel very sick. The scorpion stings you.
You are more poisoned.
The scorpion poisons you! The scorpion barely misses you.
You shoot an arrow. The arrow hits the scorpion.
The scorpion is moderately wounded.
You feel very sick. The scorpion barely misses you.
You shoot an arrow. The arrow closely misses the scorpion.
You feel very sick. The scorpion stings you.
You die...

... ..#
..########
+........#
#........#
#........#
#..s.....#
#..@.....#
#..#.#####
#..#.#
##.##.#
#..>..#
#.....##
.......###
########


You could see a scorpion.

Vanquished Creatures
  A bombardier beetle (D:5)
  A gnoll (D:1)
  5 adders
  3 dart slugs
  A ribbon worm (D:2)
  4 orcs (D:2)
  5 endoplasms
  2 giant cockroaches
  3 goblins
  4 hobgoblins
  7 jackals (D:3)
  5 kobolds
  2 quokkas (D:3)
  2 ball pythons (D:3)
  3 bats
  3 frilled lizards
  4 rats
55 creatures vanquished.

Notes
Turn   | Place    | Note
-------+----------+-------------------------------------------
     0 | D:1      | qw the Deep Elf Hunter began the quest for the Orb.
     0 | D:1      | Reached XP level 1. HP: 12/12 MP: 3/3
     0 | D:1      | 0 ||| qw: Version: 0.3-a-155-g5e7d8dd
     0 | D:1      | 0 ||| qw: Game counter: 1491
     0 | D:1      | 0 ||| qw: Melee chars always use a shield: true
     0 | D:1      | 0 ||| qw: God list: Okawaru
     0 | D:1      | 0 ||| qw: Allow faded altars: false
     0 | D:1      | 0 ||| qw: Do Orc after clearing Dungeon:15 true
     0 | D:1      | 0 ||| qw: Do second Lair branch before Depths: true
     0 | D:1      | 0 ||| qw: Lair rune preference: random
     0 | D:1      | 0 ||| qw: Goals: Normal
     0 | D:1      | 0 ||| PLANNING D:1-11
    29 | D:1      | Found Urphaots's General Store.
    41 | D:1      | 41 ||| SHOPLISTING +0 ring mail of poison resistance (88
                  | gold, have 13).
    41 | D:1      | 41 ||| SHOPLISTING +2 ice dragon scales (792 gold, have
                  | 13).
    76 | D:1      | Found Owezeyzist's Armour Boutique.
    82 | D:1      | 82 ||| SHOPLISTING +0 helmet (49 gold, have 13).
    82 | D:1      | 82 ||| SHOPLISTING +0 pair of boots (49 gold, have 13).
    82 | D:1      | 82 ||| SHOPLISTING +1 helmet (126 gold, have 13).
    82 | D:1      | 82 ||| SHOPLISTING +2 hat (176 gold, have 13).
    97 | D:1      | Found Vowysiuz's Distillery.
    99 | D:1      | Found Rifusyeff's General Store.
   104 | D:1      | 104 ||| SHOPLISTING 2 potions of mutation (192 gold, have
                  | 13).
   104 | D:1      | 104 ||| SHOPLISTING potion of curing (36 gold, have 13).
   104 | D:1      | 104 ||| SHOPLISTING potion of haste (120 gold, have 13).
   104 | D:1      | 104 ||| SHOPLISTING potion of heal wounds (60 gold, have
                  | 13).
   104 | D:1      | 104 ||| SHOPLISTING potion of might (48 gold, have 13).
   104 | D:1      | 104 ||| SHOPLISTING potion of mutation (96 gold, have 13).
   104 | D:1      | 104 ||| SHOPLISTING potion of resistance (120 gold, have
                  | 13).
   110 | D:1      | 110 ||| SHOPLISTING 2 scrolls of enchant armour (195 gold,
                  | have 13).
   110 | D:1      | 110 ||| SHOPLISTING scroll of identify (26 gold, have 13).
   290 | D:1      | Reached skill level 6 in Ranged Weapons
   290 | D:1      | Reached XP level 2. HP: 16/16 MP: 4/4
   473 | D:1      | Found Hotsyink's Jewellery Shoppe.
   478 | D:1      | 478 ||| SHOPLISTING +4 ring of slaying (1014 gold, have
                  | 36).
   478 | D:1      | 478 ||| SHOPLISTING +5 ring of evasion (468 gold, have 36).
   478 | D:1      | 478 ||| SHOPLISTING ring "Bauc" {Ice rPois Int+4} (579
                  | gold, have 36).
   478 | D:1      | 478 ||| SHOPLISTING ring of ice (325 gold, have 36).
   478 | D:1      | 478 ||| SHOPLISTING ring of positive energy (260 gold, have
                  | 36).
   478 | D:1      | 478 ||| SHOPLISTING ring of resist corrosion (260 gold,
                  | have 36).
   478 | D:1      | 478 ||| SHOPLISTING ring of the Keeping Visionary {rC+
                  | rCorr} (442 gold, have 36).
   752 | D:1      | 752 ||| UPGRADING to +0 ring mail.
   762 | D:1      | 762 ||| DROPPING +0 leather armour.
   763 | D:1      | 763 ||| UPGRADING to amulet of regeneration.
   768 | D:1      | 768 ||| READING scroll labelled OREIVO HYJATA.
   769 | D:1      | 769 ||| READING scroll labelled VIC OROKIULLAE.
   769 | D:1      | 769 ||| IDENTIFYING dark potion
   770 | D:1      | 770 ||| READING scroll labelled ICECYTR AGIJOOHAZE.
   771 | D:1      | 771 ||| READING scroll labelled MIOMACE IMPOTARR.
   872 | D:1      | 872 ||| DROPPING scroll of butterflies.
   873 | D:1      | 873 ||| DROPPING potion of lignification.
   941 | D:2      | Reached XP level 3. HP: 20/20 MP: 5/5
   998 | D:2      | Reached skill level 7 in Ranged Weapons
  1106 | D:2      | Reached XP level 4. HP: 25/25 MP: 6/6
  1450 | D:2      | 1450 ||| READING 2 scrolls of identify.
  1450 | D:2      | 1450 ||| IDENTIFYING orange potion
  1451 | D:2      | 1451 ||| READING scroll of identify.
  1451 | D:2      | 1451 ||| IDENTIFYING bubbling silvery potion
  1452 | D:2      | 1452 ||| READING 2 scrolls labelled SEKHEO ZIMEAMP.
  1453 | D:2      | 1453 ||| READING scroll labelled MEM KYNNAELUALL.
  1454 | D:2      | 1454 ||| DRINKING 3 smoky black potions.
  1455 | D:2      | 1455 ||| DROPPING scroll of amnesia.
  1456 | D:2      | 1456 ||| DROPPING potion of attraction.
  1814 | D:3      | Reached skill level 8 in Ranged Weapons
  1960 | D:3      | You fall into a shaft and drop 3 floors!
  1964 | D:6      | 1964 ||| UPGRADING to +2 helmet.
  1969 | D:6      | 1969 ||| UPGRADING to amulet of reflection.
  1979 | D:6      | 1979 ||| DROPPING amulet of regeneration.
  1980 | D:6      | 1980 ||| READING 3 scrolls of identify.
  1980 | D:6      | 1980 ||| IDENTIFYING red potion
  1981 | D:6      | 1981 ||| READING 2 scrolls of identify.
  1981 | D:6      | 1981 ||| IDENTIFYING fuming blue potion
  1982 | D:6      | 1982 ||| READING scroll of identify.
  1982 | D:6      | 1982 ||| IDENTIFYING scroll labelled DIMEAN IHUZOTH
  1983 | D:6      | 1983 ||| READING scroll labelled KOUGEI WYL AMOI.
  1983 | D:6      | 1983 ||| ENCHANTING +0 shortbow.
  1984 | D:6      | 1984 ||| DROPPING scroll of immolation.
  1985 | D:6      | 1985 ||| DROPPING potion of brilliance.
  1989 | D:5      | Entered Level 5 of the Dungeon
  1997 | D:5      | Reached XP level 5. HP: 29/29 MP: 7/7
  2010 | D:5      | HP: 6/29 [poisoned by a scorpion]
  2011 | D:5      | HP: 1/29 [poisoned by a scorpion]
  2011 | D:5      | Slain by a scorpion

Levels and vault maps discovered:
D:1:      heliophobic_arrival_enchanted_forest, layout_basic, serial_shops,
          shop, shop, shop, nicolae_shop_tiny_glass,
          nicolae_shop_rolling_square, minmay_tromino_mix6
D:2:      layout_basic, chequers_serial_rivers_small_3
D:3:      layout_basic, minmay_statues_item
D:5:      layout_basic, overflow_temple_1_default, jmf_multi_god_temple,
          minmay_misc_feat_hallway, uniq_prince_ribbit1
D:6:      layout_loops_corners, lightli_orcish_oven

Skill      XL: |  1  2  3  4 |
---------------+-------------+-----
Ranged Weapons | 6 7 8 |  8.6
Fighting       | |  1.5
Dodging        | |  2.4
Stealth        | |  1.2

Action                     |  1- 3 |  4- 6 || total
---------------------------+-------+-------++-------
   Fire: Shortbow          |    95 |   106 ||   201
    Use: Scroll            |     4 |     8 ||    12
         Potion            |       |     1 ||     1
 Armour: Ring mail         |    20 |    23 ||    43
  Dodge: Dodged            |    28 |    41 ||    69

Table legend:
 A = Non-vault XP
 B = Vault XP
 C = Vault XP percentage of total XP
 D = Non-vault monster count
 E = Vault monster count
 F = Vault count percentage of total count
                 A         B        C        D         E       F
            +---------+---------+-------+---------+---------+-------
      Total |     218 |       4 |   1.8 |      52 |       3 |   5.5
            +---------+---------+-------+---------+---------+-------
        D:1 |      25 |       4 |  13.8 |       8 |       3 |  27.3
        D:2 |      75 |       0 |   0.0 |      18 |       0 |   0.0
        D:3 |      70 |       0 |   0.0 |      25 |       0 |   0.0
        D:5 |      48 |       0 |   0.0 |       1 |       0 |   0.0
            +---------+---------+-------+---------+---------+-------
